AoeStats
← E-d-d-i-e91G

Black Forest

509340830Analyzed
2v2 RM · 7d ago on Sep 26, 2026· 154m 3s· 4 players
Game mode
Random Map
Map size
Medium (4 player)
Population
200
Speed
Normal
Resources
Standard
Victory
Conquest
Starting age
Dark Age
Ending age
Imperial Age
RankedLock teamsTeams togetherTeam positionsShared explorationLock speedFull tech treeHidden civsTurbo modeCheats
Victory
Defeat
🇦🇺 Koreans · Australia
441
+15
🇦🇺 Vietnamese · Australia
419
+16
🇿🇦 Magyars · South Africa
444
-16
🇿🇦 Mongols · South Africa
401
-15
johnichov
10:54 Feudal Age
14:43 Loom
20:09 Fishing Lines
26:57 Castle Age
27:58 Double-Bit Axe
32:42 Gillnets
33:24 Bow Saw
36:02 Imperial Age
35:36 Nomads
37:12 Sappers
38:18 Hoardings
42:15 Wheelbarrow
41:27 Town Watch
43:16 Town Patrol
42:50 Elite Mangudai
45:02 Hand Cart
44:59 Caravan
45:30 Coinage
45:13 Forging
45:04 Scale Mail Armor
45:09 Scale Barding Armor
45:05 Padded Archer Armor
44:56 Fletching
46:09 Chemistry
45:30 Ballistics
45:01 Guard Tower
45:21 Fortified Wall
45:18 Siege Engineers
45:23 Masonry
45:10 Murder Holes
47:06 Drill
47:08 Conscription
55:54 Chain Mail Armor
56:00 Chain Barding Armor
56:16 Iron Casting
55:37 Bodkin Arrow
55:57 Leather Archer Armor
55:48 Devotion
56:09 Heresy
56:51 Horse Collar
63:47 Cavalier
64:28 Husbandry
64:38 Bloodlines
63:49 Light Cavalry
63:49 Heavy Camel Rider
63:50 Elite Steppe Lancer
73:46 Banking
86:49 Hussar
104:06 Plate Mail Armor
104:37 Blast Furnace
105:31 Bracer
116:55 Squires
116:24 Pikeman
116:53 Arson
116:29 Man-at-Arms
117:35 Long Swordsman
121:59 Heavy Plow
130:00 Siphons
130:13 Fervor
148:46 Two-Handed Swordsman
jnventer2019
11:35 Loom
13:21 Feudal Age
31:46 Castle Age
36:01 Corvinian Army
46:59 Imperial Age
53:38 Double-Bit Axe
83:57 Bow Saw
110:19 Two-Man Saw
114:01 Spies/Treason
129:10 Elite Skirmisher
131:35 Chemistry
E-d-d-i-e91G
19:39 Feudal Age
21:01 Wheelbarrow
20:24 Horse Collar
20:37 Double-Bit Axe
21:49 Fletching
27:58 Castle Age
26:45 Padded Archer Armor
26:53 Stone Mining
29:04 Squires
29:45 Heavy Plow
30:18 Bow Saw
30:08 Elite Skirmisher
31:07 Crossbowman
31:48 Arson
32:24 Gold Mining
34:38 Hand Cart
40:08 Imperial Age
39:10 Thumb Ring
40:16 Stone Shaft Mining
42:28 Paper Money
42:53 Bodkin Arrow
43:33 Imperial Skirmisher
51:04 Crop Rotation
50:24 Town Watch
50:44 Bracer
51:03 Leather Archer Armor
50:54 Scale Mail Armor
50:40 Elite Fire Lancer
58:26 Chemistry
57:49 Ballistics
57:19 Arrowslits
57:19 Treadmill Crane
57:30 Heated Shot
59:04 Two-Man Saw
60:46 Hoardings
59:53 Sappers
61:45 Pikeman
64:15 Halberdier
65:29 Masonry
65:33 Fortified Wall
66:12 Caravan
66:08 Arbalester
68:41 Siege Engineers
77:09 Guilds
77:30 Coinage
77:41 Ring Archer Armor
122:40 Town Patrol
122:18 Elite Rattan Archer
138:04 Banking
IAMASTROMAN9714
13:42 Feudal Age
16:20 Wheelbarrow
16:39 Double-Bit Axe
18:45 Gold Mining
20:49 Fishing Lines
24:53 Man-at-Arms
26:08 Stone Mining
29:19 Castle Age
29:30 Horse Collar
29:19 Pikeman
30:05 Squires
29:25 Long Swordsman
32:51 Bow Saw
33:25 Arson
34:13 Husbandry
34:42 Gillnets
38:57 Hand Cart
40:29 Gold Shaft Mining
45:17 Imperial Age
47:19 Two-Man Saw
45:53 Cavalier
46:04 Two-Handed Swordsman
47:42 Stone Shaft Mining
53:08 Forging
52:59 Scale Mail Armor
53:05 Scale Barding Armor
53:46 Champion
54:46 Chain Mail Armor
56:02 Iron Casting
55:30 Light Cavalry
58:08 Chemistry
58:16 Plate Mail Armor
58:16 Chain Barding Armor
58:55 Arrowslits
62:56 Ballistics
72:31 Caravan
75:07 Fortified Wall
75:15 Masonry
74:41 Elite Fire Lancer
122:00 Hussar
145:06 Elite Skirmisher
Connection lost

Rejoining the realm…

Still unreachable

The connection could not be restored.

Session expired

The server has moved on; the page needs a fresh start.